 Dungeon Crawl Stone Soup version 0.27-a0-1579-g97d2440184 (webtiles) character file.

Game seed: 11931883304722836018

301 Sabo the Covered (level 6, -1/53 HPs)
             Began as a Minotaur Fighter on July 17, 2021.
             Was a Believer of Makhleb.
             Killed by divine providence
             ... invoked by an orc priest
              (14 damage)
             ... on level 4 of the Dungeon.
             The game lasted 00:18:04 (3746 turns).

Sabo the Covered (Minotaur Fighter)                 Turns: 3746, Time: 00:18:04

Health: -1/53      AC:  9    Str: 21    XL:     6   Next: 14%
Magic:  5/5        EV:  8    Int:  5    God:    Makhleb [**....]
Gold:   82         SH: 10    Dex: 11    Spells: 5/5 levels left

rFire    . . .     SeeInvis .   f - +2 whip (venom)
rCold    . . .     Faith    .   c - +0 kite shield
rNeg     . . .     Spirit   .   b - +0 scale mail
rPois    +         Reflect  .   (helmet restricted)
rElec    .         Harm     .   (no cloak)
rCorr    +         Rampage  .   n - +1 pair of gloves
Will     .....                  (no boots)
Stlth    ..........             (no amulet)
HPRegen  0.17/turn              g - ring of resist corrosion
MPRegen  0.09/turn              o - ring of poison resistance

@: mighty
A: horns 2, retaliatory headbutt
a: Renounce Religion, Minor Destruction


You were on level 4 of the Dungeon.
You worshipped Makhleb.
Makhleb was pleased with you.
You visited 1 branch of the dungeon, and saw 4 of its levels.

You collected 82 gold pieces.

Inventory:

Hand Weapons
 a - a +0 war axe
 f - a +2 whip of venom (weapon)
Missiles
 i - 4 curare-tipped darts (quivered)
 k - 48 arrows
 l - 11 boomerangs
 m - 2 throwing nets
 r - 11 bolts
Armour
 b - a +0 scale mail (worn)
 c - a +0 kite shield (worn)
 n - a +1 pair of gloves (worn)
Jewellery
 g - a ring of resist corrosion (left hand)
 o - a ring of poison resistance (right hand)
Wands
 s - a wand of acid (8)
Scrolls
 p - a scroll of enchant weapon
 q - 2 scrolls of teleportation {unknown}
Potions
 e - a potion of haste
 h - 4 potions of flight
 j - a potion of curing {unknown}


   Skills:
 + Level 4.7 Fighting
 + Level 3.8(4.1) Axes
 + Level 2.4(3.4) Maces & Flails
 + Level 5.3 Armour
 + Level 1.1 Dodging
 + Level 0.2 Stealth
 + Level 4.9 Shields


You had 5 spell levels left.
You didn't know any spells.
Your spell library contained the following spells:

 Spells                   Type           Power      Damage    Failure   Level
 Ensorcelled Hibernation  Hex/Ice        0%         N/A       100%        2
 Poisonous Vapours        Pois/Air       0%         N/A       100%        2
 Slow                     Hex            0%         N/A       100%        2
 Confusing Touch          Hex            0%         N/A       100%        3
 Mephitic Cloud           Conj/Pois/Air  0%         N/A       100%        3
 Portal Projectile        Hex/Tloc       0%         N/A       100%        3
 Spider Form              Tmut/Pois      0%         N/A       100%        3
 Vampiric Draining        Necr           0%         2d6       100%        3
 Blade Hands              Tmut           0%         N/A       100%        5
 Excruciating Wounds      Necr           0%         N/A       100%        5
 Freezing Cloud           Conj/Ice/Air   0%         6-21      100%        5
 Shadow Creatures         Summ           N/A        N/A       100%        6


Dungeon Overview and Level Annotations

Branches:
Dungeon (4/15)
 Temple: D:4-7

Altars:
Makhleb
Zin
The Shining One

Shops:
D:3 *!=*


Innate Abilities, Weirdness & Mutations

You have a pair of horns on your head.
You reflexively headbutt those who attack you in melee.


Message History

An orc priest comes into view.
It is wielding a +0 trident and carrying a wand of iceblast (7).
The water moccasin barely misses you. You furiously retaliate!
You headbutt the water moccasin!
The orc priest shouts!
You hit the water moccasin.
The water moccasin is heavily wounded.
The water moccasin completely misses you.
The orc priest invokes the aid of Beogh against you.
Beogh smites you! The water moccasin barely misses you.
You furiously retaliate!
You headbutt the water moccasin.
An orc comes into view. It is wielding a +0 flail.
You hit the water moccasin.
The water moccasin is severely wounded.
You block the water moccasin's attack.
You closely miss the water moccasin.
The water moccasin is severely wounded.
The water moccasin bites you. You block the water moccasin's attack.
You hit the water moccasin but do no damage.
Your headbutt misses the water moccasin.
The water moccasin is severely wounded.
You block the water moccasin's attack.
You completely miss the water moccasin.
The water moccasin is severely wounded.
The water moccasin bites you! You block the water moccasin's attack.
You miss the water moccasin.
Your headbutt misses the water moccasin.
The water moccasin is severely wounded.
The orc priest calls down the wrath of Beogh upon you.
Beogh smites you!
* * * LOW HITPOINT WARNING * * *
The water moccasin bites you but does no damage.
You feel very mighty all of a sudden.
The water moccasin bites you but does no damage. x2
You block the orc priest's attack.
You closely miss the water moccasin.
The water moccasin is severely wounded.
You block the water moccasin's attack.
The orc priest invokes the aid of Beogh against you.
Beogh smites you!
You die...

#.##...# #.## ..
#.##...# ..# ..
#.##...# #.# .#
###)##...#####.###..#
....................#
.....#...######.##.....
.....#...# #..# ###
######...# ##.# #####
#@# #######S##
......ooo# .)..Z.Zo.#
.........# .........#
.......... ...........
...........


You could see a water moccasin, 2 orc priests, 2 orcs and a hound skeleton.

Vanquished Creatures
  A bullfrog (D:3)
  A centaur zombie (D:4)
  An orc priest (D:4)
  An orc wizard (D:4)
  A howler monkey zombie (D:3)
  5 adders
  3 worms (D:2)
  3 dart slugs
  4 orcs
  6 ball pythons
  5 bats
  8 endoplasms
  A giant cockroach (D:2)
  8 goblins
  5 hobgoblins
  4 jackals (D:1)
  3 quokkas
  6 frilled lizards
  11 kobolds
  5 rats
  A bush (D:3)
83 creatures vanquished.

Vanquished Creatures (others)
  5 plants (D:3)
5 creatures vanquished.

Grand Total: 88 creatures vanquished

Notes
Turn   | Place    | Note
-------+----------+-------------------------------------------
     0 | D:1      | Sabo the Minotaur Fighter began the quest for the Orb.
     0 | D:1      | Reached XP level 1. HP: 19/19 MP: 0/0
   221 | D:1      | Reached XP level 2. HP: 27/27 MP: 1/1
   285 | D:1      | Reached skill level 4 in Armour
   352 | D:1      | Reached XP level 3. HP: 29/33 MP: 2/2
   575 | D:1      | Found a faded altar of an unknown god.
   580 | D:1      | Became a worshipper of Makhleb the Destroyer
   580 | D:1      | Reached * piety under Makhleb
  1012 | D:2      | Reached XP level 4. HP: 40/40 MP: 3/3
  1985 | D:2      | Reached skill level 1 in Maces & Flails
  2271 | D:3      | Found Kengus's Jewellery Emporium.
  2459 | D:3      | Noticed a bullfrog
  2465 | D:3      | Killed a bullfrog
  2466 | D:3      | Reached XP level 5. HP: 46/47 MP: 4/4
  2483 | D:3      | Found Itoiwoit's Distillery.
  2499 | D:3      | Reached ** piety under Makhleb
  2535 | D:3      | Found a glowing golden altar of the Shining One.
  2565 | D:3      | Found Zin's Purification Station.
  2566 | D:3      | Found a glowing silver altar of Zin.
  2984 | D:3      | Found Weehih's General Store.
  3367 | D:4      | Reached skill level 1 in Dodging
  3380 | D:4      | Reached skill level 5 in Armour
  3505 | D:4      | Reached XP level 6. HP: 23/53 MP: 5/5
  3730 | D:4      | Noticed a water moccasin
  3746 | D:4      | Killed from afar by an orc priest

Illustrated notes

Levels and vault maps discovered:
D:1:      onia_arrival_handbag, layout_rooms,
          hellmonk_ecumenical_altar_heavens_door
D:2:      layout_loops_corners, minmay_joined_circles
D:3:      layout_loops_cross, zin_purify, marbit_many_paths, serial_shops, shop,
          nicolae_square_shop, shop_statue, serial_forest,
          infiniplex_forest_end_2, infiniplex_forest_straight_2,
          infiniplex_forest_clump_long, infiniplex_forest_zigzag_1,
          infiniplex_forest_clump_small, infiniplex_forest_clump_curved
D:4:      layout_basic, mainiacjoe_overflow_alcove_1

Skill      XL: |  1  2  3  4  5 |
---------------+----------------+-----
Fighting       | 4 |  4.7
Armour         | 4 5 |  5.3
Shields        | 4 |  4.9
Axes           | 3 |  3.8
Maces & Flails | 1 2 |  2.4
Dodging        | 1 |  1.1
Stealth        | |  0.2

Action                   |  1- 3 |  4- 6 || total
-------------------------+-------+-------++-------
Melee: War axe           |    45 |       ||    45
       Headbutt          |    10 |    35 ||    45
       Whip              |    24 |   155 ||   179
  Use: Scroll            |     3 |     2 ||     5
       Potion            |       |     1 ||     1
Armor: Scale mail        |    21 |    34 ||    55
Dodge: Dodged            |    15 |    33 ||    48
Block: Kite shield       |    36 |    47 ||    83

Table legend: (Time is in decaauts)
 A = Elapsed time spent in this place.
 B = Non-inter-level travel time spent in this place.
 C = Inter-level travel time spent in this place.
 D = Time resting spent in this place.
 E = Time spent auto-exploring this place.
 F = Levels seen in this place.
 G = Mean time per level.
                   A        B        C        D        E       F      G
               +--------+--------+--------+--------+--------+-----+--------+
         Total |   3801 |   3801 |      0 |    784 |      0 |   4 |  950.2 |
       Dungeon |   3801 |   3801 |      0 |    784 |      0 |   4 |  950.2 |
               +--------+--------+--------+--------+--------+-----+--------+

Top non-repeatable levels by time:
     D:2: 1326 daAuts
     D:3: 1093 daAuts
     D:1: 825 daAuts
     D:4: 556 daAuts
